General information
- name: BNet
- type: Ladder team game (AT/RT)
- host: Battle.net
- saver: BEAR_AND
map: UpperKingdom
- players: 6
- length: 53:22
- speed: Fast
- version: 1.21 W3XP
- replay type:

» download(295 KB)
Players
team 1 (winner)
BEAR_AND (
orange | 88 APM | 4704 actions | 53:22)
10 Blademaster
3 Wind Walk
3 Critical Strike
1 Bladestorm
3 Mirror Image
» actions
| Assign group hotkey | 15 | |
| Basic commands | 11 | |
| Build / train | 88 | |
| Enter build submenu | 51 | |
| Enter hero's abilities submenu | 10 | |
| Give item / drop item | 10 | |
| Remove unit from queue | 1 | |
| Right click | 3079 | |
| Select / deselect | 422 | |
| Select group hotkey | 689 | |
| Use ability | 324 | |
4704 total
» units
| Peon | 17 | |
| Kodo Beast | 1 | |
| Troll Witch Doctor | 2 | |
| Troll Batrider | 25 | |
45 total
» upgrades
| Spiked Barricades | 1 | |
| Witch Doctor Training | 2 | |
| Ranged Weapons | 3 | |
| Liquid Fire | 1 | |
| Armor | 2 | |
| Pillage | 1 | |
10 total
» buildings
| Altar of Storms | 3 | |
| Orc Burrow | 5 | |
| War Mill | 3 | |
| Watch Tower | 68 | |
| Voodoo Lounge | 3 | |
| Stronghold | 2 | |
| Great Hall | 3 | |
| Spirit Lodge | 3 | |
| Beastiary | 2 | |
| Fortress | 1 | |
93 total
» build order
00:08 Altar of Storms
00:18 Orc Burrow
00:36 War Mill
01:52 Watch Tower
02:25 Voodoo Lounge
02:29 Watch Tower
02:49 Watch Tower
03:42 Watch Tower
03:44 Watch Tower
03:57 Watch Tower
05:00 Watch Tower
05:17 Stronghold
07:06 Altar of Storms
07:08 Orc Burrow
07:35 Altar of Storms
08:05 Watch Tower
08:06 Watch Tower
08:42 Orc Burrow
10:04 Great Hall
10:49 War Mill
10:53 Orc Burrow
10:59 Orc Burrow
13:25 Stronghold
14:22 Watch Tower
15:21 Voodoo Lounge
15:32 Watch Tower
15:43 Watch Tower
15:52 Spirit Lodge
15:53 Spirit Lodge
15:55 Spirit Lodge
16:00 Beastiary
16:39 Watch Tower
17:32 Fortress
19:48 Watch Tower
19:56 Beastiary
21:41 Voodoo Lounge
25:40 War Mill
28:33 Watch Tower
28:34 Watch Tower
28:35 Watch Tower
28:35 Watch Tower
28:36 Watch Tower
28:39 Great Hall
29:40 Watch Tower
29:41 Watch Tower
29:41 Watch Tower
29:42 Watch Tower
35:17 Great Hall
35:19 Watch Tower
35:19 Watch Tower
35:20 Watch Tower
35:21 Watch Tower
35:21 Watch Tower
35:22 Watch Tower
35:23 Watch Tower
35:24 Watch Tower
35:25 Watch Tower
35:26 Watch Tower
35:26 Watch Tower
35:27 Watch Tower
35:28 Watch Tower
35:29 Watch Tower
35:29 Watch Tower
35:30 Watch Tower
35:30 Watch Tower
35:30 Watch Tower
35:31 Watch Tower
35:32 Watch Tower
35:33 Watch Tower
35:34 Watch Tower
35:35 Watch Tower
35:35 Watch Tower
35:35 Watch Tower
35:35 Watch Tower
35:36 Watch Tower
35:36 Watch Tower
35:36 Watch Tower
35:36 Watch Tower
35:37 Watch Tower
35:37 Watch Tower
35:37 Watch Tower
» items
| Lesser Clarity Potion | 13 | |
| Healing Salve | 2 | |
| Scroll of Town Portal | 1 | |
| Orb of Lightning | 1 | |
17 total

»
iggy_the_fisk (
blue | 105 APM | 5595 actions | 53:22)
6 Archmage
3 Blizzard
2 Brilliance Aura
1 Mass Teleport
6 Mountain King
3 Storm Bolt
2 Bash
1 Avatar
3 Pandaren Brewmaster
2 Breath of Fire
1 Drunken Haze
» actions
| Assign group hotkey | 213 | |
| Basic commands | 20 | |
| Build / train | 197 | |
| Enter build submenu | 114 | |
| Enter hero's abilities submenu | 16 | |
| Give item / drop item | 12 | |
| Remove unit from queue | 1 | |
| Right click | 2760 | |
| Select / deselect | 580 | |
| Select group hotkey | 1225 | |
| Use ability | 454 | |
5595 total
» units
| Peasant | 54 | |
| Dragonhawk Rider | 13 | |
67 total
» upgrades
| Masonry | 3 | |
| Lumber Harvesting | 2 | |
| Magic Sentry | 1 | |
| Swords | 3 | |
| Armor | 3 | |
| Animal War Training | 1 | |
| Cloud | 1 | |
14 total
» buildings
| Altar of Kings | 1 | |
| Lumber Mill | 2 | |
| Farm | 7 | |
| Scout Tower | 93 | |
| Arcane Tower | 3 | |
| Guard Tower | 45 | |
| Town Hall | 3 | |
| Arcane Vault | 4 | |
| Keep | 1 | |
| Castle | 1 | |
| Arcane Sanctum | 1 | |
| Gryphon Aviary | 2 | |
| Barracks | 1 | |
| Blacksmith | 1 | |
165 total
» build order
00:08 Altar of Kings
00:19 Lumber Mill
00:23 Farm
00:45 Farm
01:13 Scout Tower
01:36 Scout Tower
01:43 Arcane Tower
01:45 Scout Tower
02:05 Scout Tower
02:09 Arcane Tower
02:12 Scout Tower
02:20 Guard Tower
02:23 Scout Tower
02:28 Scout Tower
02:43 Guard Tower
02:49 Scout Tower
03:04 Guard Tower
03:43 Scout Tower
03:48 Scout Tower
03:50 Guard Tower
03:51 Scout Tower
04:16 Guard Tower
04:22 Scout Tower
04:24 Guard Tower
04:27 Scout Tower
04:35 Scout Tower
04:53 Guard Tower
04:55 Guard Tower
05:43 Guard Tower
08:05 Town Hall
08:07 Scout Tower
08:08 Scout Tower
08:14 Scout Tower
08:15 Scout Tower
08:21 Farm
08:41 Guard Tower
08:43 Scout Tower
09:03 Farm
09:12 Guard Tower
09:13 Scout Tower
09:16 Guard Tower
09:18 Scout Tower
09:43 Arcane Vault
09:44 Guard Tower
09:52 Keep
10:41 Guard Tower
10:42 Scout Tower
10:43 Scout Tower
10:50 Scout Tower
11:26 Guard Tower
11:27 Scout Tower
11:30 Guard Tower
11:51 Guard Tower
11:53 Scout Tower
11:54 Scout Tower
11:57 Scout Tower
11:57 Scout Tower
11:58 Scout Tower
11:58 Scout Tower
12:02 Scout Tower
12:04 Guard Tower
12:14 Castle
12:17 Arcane Sanctum
13:05 Guard Tower
13:09 Scout Tower
14:02 Guard Tower
14:12 Scout Tower
14:32 Guard Tower
14:34 Scout Tower
14:38 Gryphon Aviary
14:47 Guard Tower
14:50 Scout Tower
15:09 Guard Tower
15:19 Guard Tower
15:21 Scout Tower
15:22 Scout Tower
15:26 Scout Tower
15:42 Gryphon Aviary
15:57 Guard Tower
16:00 Scout Tower
16:00 Scout Tower
16:05 Scout Tower
16:06 Scout Tower
16:38 Barracks
16:40 Lumber Mill
16:41 Blacksmith
17:03 Guard Tower
17:05 Scout Tower
17:07 Guard Tower
17:08 Scout Tower
17:09 Scout Tower
17:24 Guard Tower
17:25 Scout Tower
17:26 Scout Tower
17:33 Farm
18:04 Arcane Vault
18:37 Scout Tower
18:38 Guard Tower
19:17 Guard Tower
20:00 Farm
20:36 Farm
20:44 Scout Tower
20:49 Scout Tower
20:51 Guard Tower
21:01 Arcane Vault
22:15 Scout Tower
22:17 Scout Tower
22:58 Arcane Vault
23:52 Guard Tower
25:26 Scout Tower
25:27 Scout Tower
25:29 Scout Tower
25:30 Scout Tower
25:40 Town Hall
25:43 Scout Tower
25:44 Scout Tower
25:47 Guard Tower
26:04 Town Hall
26:12 Scout Tower
26:13 Scout Tower
26:16 Guard Tower
26:19 Scout Tower
26:20 Scout Tower
26:31 Scout Tower
26:32 Scout Tower
26:38 Scout Tower
26:39 Scout Tower
26:42 Guard Tower
26:46 Scout Tower
26:47 Scout Tower
26:51 Scout Tower
26:52 Scout Tower
27:10 Guard Tower
27:38 Guard Tower
27:43 Scout Tower
27:45 Scout Tower
27:46 Guard Tower
27:47 Scout Tower
27:49 Scout Tower
28:08 Scout Tower
28:09 Scout Tower
28:10 Scout Tower
28:10 Scout Tower
28:11 Scout Tower
28:11 Scout Tower
28:14 Guard Tower
28:14 Scout Tower
28:15 Scout Tower
28:17 Guard Tower
29:37 Guard Tower
29:40 Scout Tower
29:42 Scout Tower
29:43 Scout Tower
29:43 Scout Tower
30:17 Guard Tower
30:19 Scout Tower
30:20 Scout Tower
30:20 Scout Tower
30:21 Scout Tower
32:03 Guard Tower
32:44 Guard Tower
32:45 Scout Tower
32:46 Scout Tower
34:08 Guard Tower
43:50 Arcane Tower
» items
| Healing Salve | 3 | |
| Lesser Clarity Potion | 3 | |
| Scroll of Town Portal | 6 | |
| Potion of Healing | 17 | |
| Staff of Sanctuary | 3 | |
| Scroll of Regeneration | 10 | |
| Orb of Lightning | 2 | |
44 total
TIMG4STRok (
yellow | 28 APM | 1486 actions | 53:22)
4 Archmage
2 Blizzard
2 Brilliance Aura
2 Pandaren Brewmaster
1 Breath of Fire
1 Drunken Haze
» actions
| Assign group hotkey | 11 | |
| Basic commands | 68 | |
| Build / train | 74 | |
| ESC pressed | 9 | |
| Enter build submenu | 55 | |
| Enter hero's abilities submenu | 6 | |
| Right click | 634 | |
| Select / deselect | 232 | |
| Select group hotkey | 270 | |
| Use ability | 127 | |
1486 total
» units
| Peasant | 19 | |
| Dragonhawk Rider | 11 | |
30 total
» upgrades
| Masonry | 2 | |
| Lumber Harvesting | 1 | |
| Magic Sentry | 1 | |
| Armor | 2 | |
| Swords | 2 | |
| Cloud | 1 | |
9 total
» buildings
| Altar of Kings | 1 | |
| Lumber Mill | 1 | |
| Farm | 6 | |
| Scout Tower | 31 | |
| Arcane Tower | 4 | |
| Guard Tower | 18 | |
| Arcane Vault | 1 | |
| Keep | 1 | |
| Arcane Sanctum | 1 | |
| Town Hall | 7 | |
| Blacksmith | 1 | |
| Gryphon Aviary | 2 | |
| Castle | 1 | |
| Barracks | 1 | |
76 total
» build order
00:09 Altar of Kings
00:11 Lumber Mill
00:20 Farm
00:35 Scout Tower
00:58 Scout Tower
01:21 Arcane Tower
01:51 Farm
01:58 Arcane Tower
01:58 Arcane Tower
02:15 Scout Tower
02:23 Scout Tower
02:46 Scout Tower
02:47 Guard Tower
02:51 Scout Tower
03:08 Guard Tower
03:37 Guard Tower
03:43 Scout Tower
03:45 Scout Tower
03:46 Guard Tower
04:14 Guard Tower
04:15 Scout Tower
04:18 Scout Tower
04:19 Guard Tower
04:49 Guard Tower
04:53 Arcane Vault
05:19 Guard Tower
05:21 Scout Tower
05:46 Scout Tower
05:47 Scout Tower
06:07 Scout Tower
06:08 Scout Tower
06:09 Scout Tower
06:10 Scout Tower
06:11 Scout Tower
06:13 Scout Tower
06:27 Scout Tower
06:28 Scout Tower
06:34 Guard Tower
06:38 Scout Tower
06:40 Guard Tower
06:58 Scout Tower
07:03 Guard Tower
07:12 Guard Tower
07:16 Scout Tower
07:23 Guard Tower
07:49 Guard Tower
07:53 Arcane Tower
08:09 Scout Tower
08:31 Keep
08:47 Guard Tower
08:48 Scout Tower
09:19 Guard Tower
11:37 Arcane Sanctum
12:18 Town Hall
12:26 Blacksmith
12:27 Gryphon Aviary
12:29 Farm
13:41 Gryphon Aviary
15:26 Farm
15:28 Farm
16:22 Farm
16:25 Castle
16:28 Barracks
50:12 Scout Tower
50:13 Scout Tower
50:13 Scout Tower
50:14 Scout Tower
50:17 Scout Tower
50:47 Guard Tower
50:51 Town Hall
50:54 Town Hall
50:57 Town Hall
51:01 Town Hall
51:13 Guard Tower
51:20 Town Hall
52:52 Town Hall
» items
| Scroll of Regeneration | 1 | |
| Lesser Clarity Potion | 1 | |
2 total
team 2 (loser)
ChRoNiC[PaiN] (
pink | 59 APM | 3163 actions | 53:22)
6 Death Knight
3 Death Coil
2 Unholy Aura
1 Animate Dead
5 Lich
3 Frost Nova
2 Frost Armor
» actions
| Assign group hotkey | 41 | |
| Basic commands | 96 | |
| Build / train | 106 | |
| ESC pressed | 4 | |
| Enter build submenu | 28 | |
| Enter hero's abilities submenu | 11 | |
| Remove unit from queue | 2 | |
| Right click | 1658 | |
| Select / deselect | 616 | |
| Select group hotkey | 474 | |
| Use ability | 127 | |
3163 total
» units
| Acolyte | 29 | |
| Ghoul | 2 | |
| Crypt Fiend | 14 | |
| Obsidian Statue | 3 | |
| Meatwagon | 11 | |
| Gargoyle | 10 | |
| Wind Rider | 7 | |
76 total
» upgrades
» buildings
| Crypt | 1 | |
| Graveyard | 1 | |
| Ziggurat | 12 | |
| Altar of Darkness | 1 | |
| Tomb of Relics | 1 | |
| Nerubian Tower | 1 | |
| Halls of the Dead | 2 | |
| Slaughterhouse | 2 | |
| Black Citadel | 1 | |
| Spirit Tower | 4 | |
| Sacrificial Pit | 1 | |
| Necropolis | 1 | |
28 total
» build order
00:18 Crypt
00:24 Graveyard
00:43 Ziggurat
01:03 Altar of Darkness
01:40 Ziggurat
02:04 Tomb of Relics
05:51 Nerubian Tower
07:06 Halls of the Dead
07:08 Ziggurat
08:07 Halls of the Dead
10:32 Slaughterhouse
10:35 Black Citadel
11:21 Ziggurat
11:35 Slaughterhouse
15:52 Ziggurat
15:55 Spirit Tower
16:11 Ziggurat
17:21 Ziggurat
26:05 Spirit Tower
29:49 Sacrificial Pit
31:01 Ziggurat
31:57 Spirit Tower
32:00 Ziggurat
32:06 Ziggurat
33:42 Spirit Tower
33:45 Ziggurat
33:49 Ziggurat
43:50 Necropolis
» items
| Dust of Appearance | 3 | |
| Orb of Corruption | 1 | |
| Scroll of Town Portal | 1 | |
5 total
tkliu (
purple | 60 APM | 1732 actions | 28:41)
4 Far Seer
2 Feral Spirit
2 Chain Lighting
2 Shadow Hunter
1 Hex
1 Healing Wave
» actions
| Assign group hotkey | 16 | |
| Basic commands | 85 | |
| Build / train | 71 | |
| ESC pressed | 1 | |
| Enter build submenu | 23 | |
| Enter hero's abilities submenu | 6 | |
| Remove unit from queue | 4 | |
| Right click | 986 | |
| Select / deselect | 401 | |
| Select group hotkey | 61 | |
| Use ability | 78 | |
1732 total
» units
| Peon | 12 | |
| Grunt | 21 | |
| Troll Batrider | 10 | |
| Demolisher | 7 | |
50 total
» upgrades
| Berserker Strength | 1 | |
| Armor | 1 | |
| Burning Oil | 1 | |
3 total
» buildings
| Altar of Storms | 1 | |
| Orc Burrow | 9 | |
| Barracks | 2 | |
| Voodoo Lounge | 1 | |
| Stronghold | 1 | |
| War Mill | 1 | |
| Beastiary | 1 | |
| Great Hall | 1 | |
| Fortress | 1 | |
| Watch Tower | 5 | |
23 total
» build order
00:06 Altar of Storms
00:17 Orc Burrow
00:36 Barracks
01:23 Orc Burrow
02:01 Barracks
02:29 Orc Burrow
03:24 Voodoo Lounge
04:42 Orc Burrow
06:52 Orc Burrow
08:50 Stronghold
09:04 War Mill
12:19 Orc Burrow
13:47 Beastiary
13:56 Orc Burrow
15:09 Orc Burrow
16:18 Orc Burrow
16:38 Great Hall
18:15 Fortress
26:11 Watch Tower
26:14 Watch Tower
26:22 Watch Tower
27:56 Watch Tower
28:16 Watch Tower
» items
| Healing Salve | 1 | |
| Lesser Clarity Potion | 1 | |
| Scroll of Speed | 1 | |
| Scroll of Town Portal | 1 | |
4 total
V[i]vi (
teal | 89 APM | 2549 actions | 28:37)
5 Keeper of the Grove
3 Force of Nature
2 Entangling Roots
» actions
| Assign group hotkey | 43 | |
| Basic commands | 350 | |
| Build / train | 56 | |
| Enter build submenu | 15 | |
| Enter hero's abilities submenu | 5 | |
| Right click | 760 | |
| Select / deselect | 317 | |
| Select group hotkey | 960 | |
| Use ability | 43 | |
2549 total
» units
| Wisp | 16 | |
| Huntress | 9 | |
| Chimaera | 12 | |
| Glaive Thrower | 2 | |
39 total
» upgrades
| Strength of the Wild | 3 | |
| Reinforced Hides | 3 | |
| Corrosive Breath | 1 | |
7 total
» buildings
| Altar of Elders | 1 | |
| Moon Well | 6 | |
| Hunter's Hall | 1 | |
| Ancient of War | 2 | |
| Tree of Ages | 1 | |
| Tree of Eternity | 1 | |
| Ancient of Wind | 1 | |
| Chimaera Roost | 2 | |
| Tree of Life | 1 | |
16 total
» build order
00:17 Altar of Elders
00:22 Moon Well
01:16 Hunter's Hall
02:01 Ancient of War
02:06 Ancient of War
02:23 Moon Well
03:05 Moon Well
06:48 Tree of Ages
09:11 Tree of Eternity
09:14 Ancient of Wind
11:04 Moon Well
11:08 Moon Well
11:13 Moon Well
11:40 Chimaera Roost
11:43 Chimaera Roost
26:15 Tree of Life
» items
| Dust of Appearance | 1 | |
| Scroll of Town Portal | 1 | |
2 total
Chat log
(01:36 / All) TIMG4STRok: VOLDEMORT!!!
(03:51 / All) TIMG4STRok: holy CANOLI
(04:05 / All) TIMG4STRok: hey a Quick Quaint Question
(04:11 / All) TIMG4STRok: how doy ou suck SOOOOOOoOoOoOoO bad
(24:20 / All) iggy_the_fisk: damn
(24:24 / All) iggy_the_fisk: how do you sucks o bad
(25:31 / All) iggy_the_fisk: hey
(25:32 / All) iggy_the_fisk: Listen
(25:35 / All) iggy_the_fisk: How do you suck so bad?
(28:51 / All) iggy_the_fisk: damn noobs
(28:56 / All) BEAR_AND: OWNEAGE
(29:00 / All) BEAR_AND: shit noob,,,,,lmao
(29:12 / All) BEAR_AND: u to
(29:14 / All) BEAR_AND: go on
(29:15 / All) BEAR_AND: get out
(32:26 / All) BEAR_AND: ok pink bitch
(32:28 / All) BEAR_AND: u lose
(37:25 / All) ChRoNiC[PaiN]: lawl
(47:53 / All) BEAR_AND: Peace
(49:11 / All) TIMG4STRok: rofls myfao
(49:21 / All) TIMG4STRok: i was afk this whole time, how it feel
(49:27 / All) ChRoNiC[PaiN]: i dun care
(50:09 / All) BEAR_AND: LMAO
(50:10 / All) TIMG4STRok: ROFL
(51:40 / All) BEAR_AND: nope
(52:28 / All) BEAR_AND: nerd noobs